 Dungeon Crawl Stone Soup version 0.30.1-4-g462c640d31 (webtiles) character file.

Game seed: 10102384916411588321

49 lonewolfV2 the Trooper (level 3, 0/29 HPs)
             Began as a Demonspawn Fighter on Aug 25, 2023.
             Slain by Sigmund
             ... wielding a +2 scythe of venom
              (1 damage)
             ... on level 3 of the Dungeon.
             The game lasted 00:02:28 (1845 turns).

lonewolfV2 the Trooper (Demonspawn Fighter)         Turns: 1845, Time: 00:02:28

Health: 0/29       AC: 12    Str: 18    XL:     3   Next: 53%
Magic:  3/3        EV: 14    Int:  9    God:
Gold:   147        SH:  4    Dex: 12    Spells: 2/2 levels left

rFire   + . .        a - +0 war axe
rCold   x . .        c - +0 buckler
rNeg    . . .        b - +0 scale mail
rPois   .            (no helmet)
rElec   .            (no cloak)
rCorr   .            (no gloves)
SInv    .            (no boots)
Will    .....        (no amulet) Stlth
                     h - +5 ring of evasion
HPRegen 0.24/turn    g - ring of fire
MPRegen 0.08/turn

%: no passive effects
@: lethally poisoned (0 -> -12), sanguine armoured
A: powered by death 1, sanguine armour 1
a: no special abilities


You were on level 3 of the Dungeon.
You visited 1 branch of the dungeon, and saw 3 of its levels.

You collected 147 gold pieces.

Inventory:

Hand Weapons
 a - a +0 war axe (weapon)
Armour
 b - a +0 scale mail (worn)
 c - a +0 buckler (worn)
Jewellery
 g - a ring of fire (right hand)
 h - a +5 ring of evasion (left hand)
 k - a ring of see invisible
Scrolls
 f - a scroll of torment
 n - a scroll of butterflies {unknown}
Potions
 d - a potion of might
 e - 2 potions of degeneration
 i - a potion of brilliance {unknown}
 j - 3 potions of attraction {unknown}
 l - a potion of resistance {unknown}
 m - a potion of heal wounds {unknown}


   Skills:
 + Level 3.1 Fighting
 + Level 2.5 Axes
 + Level 3.1 Armour
 + Level 0.4 Dodging
 + Level 3.0 Shields


You had 2 spell levels left.
You didn't know any spells.
Your spell library contained the following spells:

 Spells                   Type           Power      Damage    Failure   Level
 Apportation              Tloc           0%         N/A       85%         1
 Necrotise                Necr           0%         1d4       85%         1
 Summon Small Mammal      Summ           0%         N/A       85%         1
 Call Canine Familiar     Summ           0%         N/A       99%         3
 Portal Projectile        Hex/Tloc       0%         N/A       99%         3
 Leda's Liquefaction      Hex/Erth       0%         N/A       100%        4


Dungeon Overview and Level Annotations

Branches:
Dungeon (3/15)

Altars:

Annotations:
D:3 Sigmund


Innate Abilities, Weirdness & Mutations

You regenerate a little health from kills.
When seriously injured, your blood forms armour. (AC +6)


Message History

Sigmund hits you with a +2 scythe of venom.
You hit Sigmund.
Sigmund is heavily wounded.
Sigmund points at you and mumbles some strange words.
You resist with significant effort.
You barely miss Sigmund.
Sigmund is heavily wounded.
Sigmund points at you and mumbles some strange words.
You are confused.
Sigmund hits you with a +2 scythe of venom.
You are poisoned.
You bump into the rock wall.
You feel sick.
Your blood congeals into armour.
You feel sick. Sigmund closely misses you.
You feel sick. Sigmund closely misses you.
You feel sick. Sigmund attacks as you move away! Sigmund completely misses you.
You feel sick.
Sigmund mumbles some strange words.
Sigmund flickers and vanishes!
Deactivating autopickup; reactivate with Ctrl-A.
You see here a ring of magical power.
You feel less confused.
You feel sick. Something hits you but does no damage.
You are more poisoned.
You feel sick.
You slash something!
You feel very sick.
You hear some strange, mumbled words.
A puff of flame appears from out of thin air!
The puff of flame misses you.
You hear some strange, mumbled words.
A magic dart appears from out of thin air!
The magic dart hits you but does no damage.
You closely miss something.
You feel sick. Something hits you.
* * * LOW HITPOINT WARNING * * *
You are lethally poisoned!
You closely miss something.
* * * LOW HITPOINT WARNING * * *
You feel very sick. Something hits you.
You die...

##†## # #.# #.# ##'##
## ## ##...## .#.
##.....## #.##
##.......## #=.## #
#.........####...##...#
+.........'...{@.......
#.........####...######
##.......## #..##
##.....## #.## ##...##
#.# ##+## ... ... ....


There were no monsters in sight!

Vanquished Creatures
  An adder (D:2)
  A worm (D:2)
  4 ball pythons (D:1)
  4 bats
  5 endoplasms
  A giant cockroach (D:2)
  4 goblins
  2 hobgoblins
  3 kobolds
  2 quokkas (D:1)
  2 frilled lizards (D:2)
  7 rats
36 creatures vanquished.

Notes
Turn   | Place    | Note
-------+----------+-------------------------------------------
     0 | D:1      | lonewolfV2 the Demonspawn Fighter began the quest for the
                  | Orb.
     0 | D:1      | Reached XP level 1. HP: 18/18 MP: 1/1
   219 | D:1      | Gained mutation: You regenerate a little health from kills.
                  | [demonic ancestry]
   219 | D:1      | Reached XP level 2. HP: 24/24 MP: 2/2
   261 | D:1      | Found a faded altar of an unknown god.
   912 | D:2      | Gained mutation: When seriously injured, your blood forms
                  | armour. (AC +6) [demonic ancestry]
   912 | D:2      | Reached XP level 3. HP: 29/29 MP: 3/3
  1686 | D:2      | HP: 1/29 [poisoned by you (poison gas)]
  1825 | D:3      | Noticed Sigmund
  1845 | D:3      | HP: 1/29 [poisoned by Sigmund]
  1845 | D:3      | Slain by Sigmund

Illustrated notes

Levels and vault maps discovered:
D:1:      heliophobic_arrival_battle_scene, layout_basic,
          basic_ecumenical_altar, corner_web_ring, kennysheep_small_spiral,
          minmay_liquid_box, minmay_misc_feat_pillars, minmay_misc_feat_columns
D:2:      layout_basic, minmay_curled_crystal,
          amcnicky_mini_rare_corridor_liquid
D:3:      layout_loops_corners, overflow_temple_1_default, serial_shops, shop,
          gammafunk_ghost_icy, chequers_arboretum, serial_bayou_pond_c,
          uniq_crazy_yiuf_cottage, uniq_robin, uniq_sigmund

Skill      XL: |  1  2  3 |
---------------+----------+-----
Axes           | 2 |  2.5
Armour         | 3 |  3.1
Shields        | 3 |  3.0
Fighting       | |  3.1
Dodging        | |  0.4

Action                     || total
---------------------------++-------
  Melee: War axe           ||   123
    Use: Scroll            ||     3
 Armour: Scale mail        ||    63
  Dodge: Dodged            ||    68
  Block: Buckler           ||    34
